Map: Dreamcatcher LE

Players

soul

  • Race: Terran Terran
  • Spawn Location: 11:00

Denver - Winner!

  • Race: Zerg Zerg
  • Spawn Location: 5:00

Event: WCS Valencia 2018

VOD

Have the link to the VOD?

Description

Time

  • Played on: July 12, 2018, 9:27 a.m.
  • Length: 7:51

All games in this series

Show
View Real Time Build Order
Export as new Build Order

soul Terran 

Build Orders: Command Center First (CC) 

Get SALT Encoding   

  12  0:03  SCV  
  13  0:15  SCV  
  13  0:18  Supply Depot  
  14  0:28  SCV  
  15  0:40  SCV  
  16  0:52  SCV  
  17  1:01  Command Center  
  17  1:05  SCV  
  18  1:14  Barracks  
  18  1:17  SCV  
  19  1:22  Refinery  
  19  1:29  SCV  
  19  1:32  Refinery  
  20  1:41  SCV  
  21  2:01  Supply Depot, Reaper, Orbital Command  
  22  2:12  Orbital Command  
  22  2:23  Factory  
  22  2:27  SCV  
  23  2:33  Barracks Reactor  
  23  2:39  SCV  
  23  2:40  SCV  
  25  2:51  SCV  
  25  2:52  SCV  
  25  3:03  SCV  
  26  3:09  Hellion  
  25  3:23  Orbital Command  
  23  3:38  Marine x2  
  25  3:46  Hellion  
  27  3:56  Marine x2  
  27  4:00  Orbital Command  
  28  4:06  SCV  
  29  4:18  SCV  
  29  4:20  Starport  
  30  4:26  Hellion  
  30  4:30  SCV  
  29  4:38  Hellion  
  29  4:42  Barracks Tech Lab, SCV  
  29  4:43  Orbital Command  
  28  4:47  Hellion  
  30  4:55  SCV  
  33  5:00  Hellion  
  34  5:07  SCV  
  34  5:08  Cloaking Field, Banshee  
  34  5:09  Hellion  
  34  5:10  SCV  
  34  5:13  Barracks Tech Lab  
  40  5:18  Supply Depot  
  40  5:19  SCV  
  43  5:21  Hellion  
  43  5:22  SCV  
  43  5:28  Supply Depot  
  44  5:31  SCV  
  44  5:34  Stimpack, Marine  
  46  5:40  SCV  
  47  5:43  SCV  
  48  5:52  SCV  
  48  5:55  SCV, Banshee  
  52  6:04  SCV  
  52  6:08  Command Center  
  52  6:10  Supply Depot, SCV  
  53  6:13  Marine  
  53  6:16  SCV  
  55  6:22  Factory Reactor, SCV  
  56  6:27  Barracks  
  56  6:28  SCV, Barracks  
  57  6:33  Marine  
  57  6:34  SCV  
  59  6:40  SCV  
  59  6:43  Bunker  
  59  6:46  SCV  
  61  6:48  Engineering Bay  
  61  6:50  Engineering Bay  
  61  6:51  Marine  
  61  6:52  SCV  
  63  6:58  SCV  
  64  7:04  SCV, Starport Reactor  
  65  7:10  SCV, Siege Tank  
  65  7:12  Marine  
  65  7:14  Supply Depot  
  70  7:17  Marine  
  70  7:19  SCV, Marine  
  70  7:20  Supply Depot, Orbital Command  
  70  7:22  Marine  
  72  7:28  Marine  
  64  7:30  Marine  
Show
View Real Time Build Order
Export as new Build Order

Denver Zerg - Winner!

Build Orders: Pool First 

Get SALT Encoding   

  12  0:00  Drone  
  13  0:08  Drone  
  14  0:15  Extractor  
  14  0:16  Drone  
  14  0:33  Spawning Pool  
  13  0:36  Drone  
  14  0:44  Extractor  
  14  0:45  Drone  
  15  0:52  Overlord  
  15  1:20  Metabolic Boost  
  15  1:21  Zergling x4, Drone  
  18  1:26  Queen  
  20  1:33  Zergling x2  
  21  1:44  Zergling x2  
  22  1:54  Hatchery  
  22  2:00  Overlord  
  21  2:06  Zergling x2  
  22  2:18  Queen  
  22  2:20  Zergling x2  
  25  2:27  Zergling x2  
  26  2:36  Zergling x6  
  29  2:48  Zergling x2  
  30  2:59  Overlord  
  30  3:01  Baneling Nest  
  30  3:02  Overlord  
  29  3:08  Drone  
  30  3:13  Drone  
  30  3:18  Drone  
  31  3:27  Zergling x4  
  33  3:34  Drone  
  33  3:40  Drone x2  
  36  3:41  Drone  
  36  3:51  Zergling x4  
  37  3:58  Drone  
  37  3:59  Drone x2  
  37  4:04  Drone  
  37  4:06  Drone  
  37  4:08  Drone  
  40  4:11  Drone  
  40  4:14  Drone  
  42  4:21  Overlord  
  42  4:27  Drone x2  
  42  4:31  Drone x2  
  44  4:34  Drone x2  
  44  4:42  Lair, Drone  
  44  4:49  Drone x2  
  46  4:54  Drone x4  
  50  5:00  Extractor  
  50  5:03  Roach Warren  
  48  5:12  Hatchery  
  47  5:16  Drone  
  48  5:21  Extractor  
  48  5:24  Drone  
  48  5:25  Drone x5  
  53  5:30  Spore Crawler, Drone  
  53  5:33  Spore Crawler  
  50  5:36  Evolution Chamber  
  49  5:42  Evolution Chamber  
  49  5:43  Glial Reconstitution  
  49  5:44  Evolution Chamber  
  49  5:45  Roach  
  49  5:47  Roach  
  52  5:52  Roach x2  
  55  5:57  Roach x2  
  55  5:59  Overlord  
  55  6:03  Overlord  
  58  6:09  Overlord  
  58  6:13  Nydus Network  
  58  6:17  Queen  
  59  6:21  Roach x2  
  59  6:23  Roach  
  65  6:28  Drone  
  65  6:30  Roach  
  65  6:31  Roach  
  70  6:35  Overseer  
  70  6:41  Roach x3  
  70  6:43  Drone x3  
  78  6:47  Drone  
  78  6:58  Nydus Canal  
  78  7:02  Overseer, Queen x2  
  78  7:05  Roach  
  78  7:07  Roach  
  86  7:09  Roach  
  86  7:12  Overlord  
  88  7:19  Spore Crawler  
  88  7:21  Roach  
  89  7:28  Overlord  
Tags
 
Add a new tag
Caveats
  • Supply blocks, unpowered buildings, or Contaminate may cause inaccurate times.
  • Supply counts are checked every 10 seconds.